 Dungeon Crawl Stone Soup version 0.31-a0-1074-g0b22e4e0f1 (webtiles) character file.

Game seed: 16414141674504153042

24 Demosthentine the Ducker (level 2, 0/23 HPs)
             Began as a Demonspawn Gladiator on Dec 2, 2023.
             Slain by an iguana (11 damage)
             ... on level 2 of the Dungeon.
             The game lasted 00:00:42 (906 turns).

Demosthentine the Ducker (Demonspawn Gladiator)      Turns: 906, Time: 00:00:42

Health: 0/23       AC:  5    Str: 14    XL:     2   Next: 79%
Magic:  2/2        EV: 12    Int:  9    God:
Gold:   68         SH:  0    Dex: 16    Spells: 1/1 levels left

rFire   . . .        a - +0 trident
rCold   . . .        (no shield)
rNeg    . . .        b - +0 leather armour
rPois   .            c - +0 helmet
rElec   .            (no cloak)
rCorr   .            j - +0 pair of gloves
SInv    .            (no boots)
Will    .....        (no amulet)
Stlth   ++           (no ring)
HPRegen 0.23/turn    (no ring)
MPRegen 0.08/turn

%: no passive effects
@: no status effects
A: thin skeletal structure 1
a: no special abilities


You were on level 2 of the Dungeon.
You visited 1 branch of the dungeon, and saw 2 of its levels.

You collected 68 gold pieces.

Inventory:

Hand Weapons
 a - a +0 trident (weapon)
Missiles
 d - a throwing net (quivered)
 e - a javelin
Armour
 b - a +0 leather armour (worn)
 c - a +0 helmet (worn)
 j - a +0 pair of gloves (worn)
Potions
 f - a potion of enlightenment {unknown}
 i - a potion of mutation {unknown}


   Skills:
 + Level 2.3 Fighting
 + Level 3.0 Polearms
 - Level 1.7 Throwing
 + Level 1.0 Armour
 + Level 3.0 Dodging


You had one spell level left.
You didn't know any spells.
Your spell library was empty.

Dungeon Overview and Level Annotations

Branches:
Dungeon (2/15)

Altars:


Innate Abilities, Weirdness & Mutations

You have a somewhat thin skeletal structure. (Dex +2, Stealth+)


Message History

You hit the iguana but do no damage.
The iguana is moderately wounded.
The iguana completely misses you.
Throw: 2 throwing nets
Press: ? - help, Q - select action, (/) - cycle Shift-Dir - straight line, f/p - iguana
Aim: an iguana (moderately wounded, 61% to hit)
You throw a throwing net. The throwing net hits the iguana.
The iguana is caught in the net!
The iguana is moderately wounded.
The iguana struggles against the net.
You hit the iguana.
The iguana is moderately wounded.
The iguana struggles against the net.
You hit the iguana but do no damage.
The iguana is moderately wounded.
The iguana struggles against the net. x2
You hit the iguana.
The iguana is severely wounded.
The iguana struggles against the net.
You catch the helpless iguana completely off-guard!
You hit the iguana but do no damage.
The iguana is severely wounded.
The iguana struggles against the net.
The net rips apart, and the iguana comes free!
You hit the iguana but do no damage.
The iguana is severely wounded.
The iguana barely misses you.
You hit the iguana.
The iguana is severely wounded.
The iguana bites you but does no damage.
You hit the iguana but do no damage.
The iguana is severely wounded.
The iguana misses you.
You completely miss the iguana.
The iguana is severely wounded.
The iguana bites you.
You hit the iguana but do no damage.
The iguana is severely wounded.
The iguana bites you!
You die...

#....~##+++#~~##.#
#.#.~~#..~.~~#~#.##
#.#..#~.~..~~#~#..#
#..~~#.~~~.~.~.~~.#
#.~~##~......##~..#
#.~#~~~~~_~~~.~#.##
#.~#8~#######.8#~#
#..#~#~.~~~~####~#
#.~.~~.~.~~~.l@~~#
#.#.###.#....#.#.#
#.#.# ...## #...#
#.#.# ### ###.#
#.#.# #<# #.# #.#.#
#†# #.# #.#.###.#
#.# #<#.....# .#
#.#####


You could see an iguana.

Vanquished Creatures
  A worm (D:2)
  4 endoplasms
  2 goblins (D:1)
  A hobgoblin (D:2)
  A quokka (D:1)
  4 ball pythons
  3 frilled lizards (D:1)
  3 rats (D:2)
  A spectral hobgoblin (D:2)
20 creatures vanquished.

Notes
Turn   | Place    | Note
-------+----------+-------------------------------------------
     0 | D:1      | Demosthentine the Demonspawn Gladiator began the quest for
                  | the Orb.
     0 | D:1      | Reached XP level 1. HP: 16/16 MP: 1/1
   217 | D:1      | Gained mutation: You have a somewhat thin skeletal
                  | structure. (Dex +2, Stealth+) [demonic ancestry]
   217 | D:1      | Reached XP level 2. HP: 22/22 MP: 2/2
   846 | D:2      | Reached skill level 1 in Armour
   864 | D:2      | Found a faded altar of an unknown god.
   906 | D:2      | Slain by an iguana

Illustrated notes

Levels and vault maps discovered:
D:1:      dpeg_arrival_tiny_a, layout_basic, minivault_5, nrook_mini_vaults,
          serial_bayou_ford_a
D:2:      layout_basic, dreamdust_ecumenical_altar_drowned_temple, uniq_jessica

Skill      XL: |  1  2 |
---------------+-------+-----
Armour         | 1 |  1.0
Dodging        | 3 |  3.0
Polearms       | 3 |  3.0
Fighting       | |  2.3
Throwing       | |  1.7

Action                     || total
---------------------------++-------
  Melee: Trident           ||    68
  Throw: Throwing net      ||     2
    Use: Scroll            ||     2
   Stab: Sleeping          ||     2
         Held in net/web   ||     3
 Armour: Leather armour    ||    19
  Dodge: Dodged            ||    21

Table legend: (Time is in decaauts)
 A = Elapsed time spent in this place.
 B = Non-inter-level travel time spent in this place.
 C = Inter-level travel time spent in this place.
 D = Time resting spent in this place.
 E = Time spent auto-exploring this place.
 F = Levels seen in this place.
 G = Mean time per level.
                   A        B        C        D        E       F      G
               +--------+--------+--------+--------+--------+-----+--------+
         Total |    924 |    847 |     77 |      0 |    682 |   2 |  462.0 |
       Dungeon |    924 |    847 |     77 |      0 |    682 |   2 |  462.0 |
               +--------+--------+--------+--------+--------+-----+--------+

Top non-repeatable levels by time:
     D:1: 756 daAuts
     D:2: 168 daAuts
